 Dungeon Crawl Stone Soup version 0.31-a0-202-g547052bce9 (webtiles) character file.

Game seed: 4515271700856608402

158 qw the Skirmisher (level 5, -2/29 HPs)
             Began as a Deep Elf Hunter on June 26, 2023.
             Slain by a gnoll
             ... wielding a +0 whip
              (5 damage)
             ... on level 3 of the Dungeon.
             The game lasted 00:00:39 (1637 turns).

qw the Skirmisher (Deep Elf Hunter)                 Turns: 1637, Time: 00:00:40

Health: -2/29      AC:  6    Str: 10    XL:     5   Next: 16%
Magic:  7/7        EV:  9    Int: 14    God:
Gold:   177        SH:  0    Dex: 18    Spells: 4/4 levels left

rFire   . . .        Y - +0 shortbow
rCold   . . .        (shield currently unavailable)
rNeg    . . .        e - +0 scale mail
rPois   .            (no helmet)
rElec   .            (no cloak)
rCorr   .            (no gloves)
SInv    .            (no boots)
Will    .....        (no amulet)
Stlth   +            (no ring)
HPRegen 0.24/turn    (no ring)
MPRegen 0.10/turn

%: no passive effects
@: no status effects
A: no striking features
a: no special abilities


You were on level 3 of the Dungeon.
You visited 1 branch of the dungeon, and saw 3 of its levels.

You collected 177 gold pieces.


   Skills:
 - Level 1.5 Fighting
 + Level 8.6 Ranged Weapons
 - Level 2.4 Dodging
 - Level 1.2 Stealth


You had 4 spell levels left.
You didn't know any spells.
Your spell library was empty.

Inventory:

Hand Weapons
 Y - a +0 shortbow (weapon)
Armour
 e - a +0 scale mail (worn)
Scrolls
 a - 3 scrolls of identify
 f - a scroll of fog {unknown}
 h - 2 scrolls of enchant armour {unknown}
Potions
 d - a potion of ambrosia {unknown}
 g - a potion of attraction {unknown}

Dungeon Overview and Level Annotations

Branches:
Dungeon (3/15)

Altars:


Message History

The arrow hits the gnoll but does no damage.
A gnoll comes into view. It is wielding a +0 club.
You shoot an arrow.
The arrow hits the gnoll but does no damage.
A goblin comes into view. It is wielding a +0 club.
You shoot an arrow. The arrow hits the gnoll.
The gnoll is moderately wounded.
You shoot an arrow. The arrow hits the gnoll.
The gnoll is almost dead.
You shoot an arrow. The arrow hits the gnoll.
You kill the gnoll!
You shoot an arrow. The arrow hits the gnoll.
The gnoll is lightly wounded.
The gnoll hits you with a +0 whip. The gnoll barely misses you.
You shoot an arrow.
The arrow hits the gnoll but does no damage.
The gnoll is lightly wounded.
The gnoll hits you with a +0 club. The gnoll closely misses you.
You shoot an arrow. The arrow hits the gnoll.
The gnoll is moderately wounded.
The gnoll hits you with a +0 club. The gnoll hits you but does no damage.
You shoot an arrow.
The arrow hits the gnoll but does no damage.
The gnoll is moderately wounded.
The gnoll closely misses you. The gnoll hits you with a +0 whip.
You shoot an arrow. The arrow barely misses the gnoll.
The arrow closely misses the goblin.
The gnoll hits you with a +0 club. The gnoll hits you with a +0 whip.
The gnoll closely misses you. The gnoll hits you with a +0 whip.
You shoot an arrow. The arrow hits the gnoll!
The gnoll is severely wounded.
The gnoll closely misses you. The gnoll hits you with a +0 whip.
You shoot an arrow. The arrow closely misses the gnoll.
The arrow misses the goblin.
The gnoll barely misses you. The gnoll hits you but does no damage.
You shoot an arrow. The arrow closely misses the gnoll.
The arrow hits the goblin.
You kill the goblin!
The gnoll hits you with a +0 club. The gnoll hits you with a +0 whip.
You die...

##################
..........#......#
.........)#......#
..........#......#
..........#......#
..........#......#
..........#......# #
..........#...)..###....
................@.......
..........#....gg###....
..........#.....)# ..
..........#......#
..........#######..
########### .| # . ..


You could see 2 gnolls.

Vanquished Creatures
  An orc priest (D:3)
  An orc wizard (D:3)
  Terence (D:2)
  A gnoll (D:3)
  2 adders
  A dart slug (D:1)
  2 orcs (D:3)
  7 endoplasms
  2 giant cockroaches
  8 goblins
  5 hobgoblins
  4 jackals (D:1)
  A kobold (D:1)
  2 quokkas
  3 ball pythons
  4 bats
  3 frilled lizards
  A rat (D:1)
49 creatures vanquished.

Notes
Turn   | Place    | Note
-------+----------+-------------------------------------------
     0 | D:1      | qw the Deep Elf Hunter began the quest for the Orb.
     0 | D:1      | Reached XP level 1. HP: 12/12 MP: 3/3
     0 | D:1      | 0 ||| qw: Version: 0.3-a-22-g0ed2b0b
     0 | D:1      | 0 ||| qw: Game counter: 6225
     0 | D:1      | 0 ||| qw: Melee chars always use a shield: true
     0 | D:1      | 0 ||| qw: God list: Okawaru
     0 | D:1      | 0 ||| qw: Allow faded altars: false
     0 | D:1      | 0 ||| qw: Do Orc after clearing Dungeon:15 true
     0 | D:1      | 0 ||| qw: Do second Lair branch before Depths: true
     0 | D:1      | 0 ||| qw: Lair rune preference: random
     0 | D:1      | 0 ||| qw: Goals: Normal
     0 | D:1      | 0 ||| PLANNING D:1-11
   130 | D:1      | Reached XP level 2. HP: 16/16 MP: 4/4
   210 | D:1      | Reached skill level 6 in Ranged Weapons
   296 | D:1      | 296 ||| FLEEEEING.
   297 | D:1      | 297 ||| FLEEEEING.
   428 | D:1      | Reached XP level 3. HP: 20/20 MP: 5/5
   575 | D:1      | 575 ||| UPGRADING to +0 scale mail.
   585 | D:1      | 585 ||| DROPPING +0 leather armour.
   586 | D:1      | 586 ||| DROPPING +6 ring of intelligence.
   587 | D:1      | 587 ||| READING 2 scrolls labelled ONGUTHRA SOCKUPP.
   588 | D:1      | 588 ||| READING scroll labelled VUMA KIOTREN.
   689 | D:1      | 689 ||| DROPPING scroll of butterflies.
   808 | D:2      | Noticed Terence
   817 | D:2      | Killed Terence
   818 | D:2      | Reached skill level 7 in Ranged Weapons
   902 | D:2      | Reached XP level 4. HP: 22/25 MP: 6/6
  1338 | D:2      | 1338 ||| READING 3 scrolls of identify.
  1338 | D:2      | 1338 ||| IDENTIFYING orange potion
  1339 | D:2      | 1339 ||| READING 2 scrolls of identify.
  1339 | D:2      | 1339 ||| IDENTIFYING yellow potion
  1428 | D:3      | 1428 ||| Stepping ~*~*~tactically~*~*~ (outnumbered).
  1435 | D:3      | Reached skill level 8 in Ranged Weapons
  1436 | D:3      | 1436 ||| DRINKING potion of curing.
  1436 | D:3      | 1436 ||| (to cure confusion)
  1444 | D:3      | HP: 5/25 [orc wizard/+0 dagger (3)]
  1445 | D:3      | 1445 ||| DRINKING potion of heal wounds.
  1549 | D:3      | Reached XP level 5. HP: 29/29 MP: 7/7
  1635 | D:3      | HP: 3/29 [gnoll/+0 whip (6)]
  1637 | D:3      | Slain by a gnoll

Levels and vault maps discovered:
D:1:      dpeg_arrival_rhombus, layout_basic, minmay_pentomino_x2
D:2:      layout_basic, uniq_terence
D:3:      layout_basic, uniq_grinder

Skill      XL: |  1  2  3  4 |
---------------+-------------+-----
Ranged Weapons | 6 7 8 |  8.6
Fighting       | |  1.5
Dodging        | |  2.4
Stealth        | |  1.2

Action                     |  1- 3 |  4- 6 || total
---------------------------+-------+-------++-------
   Fire: Shortbow          |    85 |    60 ||   145
    Use: Scroll            |     2 |     2 ||     4
         Potion            |       |     2 ||     2
 Armour: Scale mail        |     7 |    19 ||    26
  Dodge: Dodged            |    18 |    30 ||    48

Table legend:
 A = Non-vault XP
 B = Vault XP
 C = Vault XP percentage of total XP
 D = Non-vault monster count
 E = Vault monster count
 F = Vault count percentage of total count
                 A         B        C        D         E       F
            +---------+---------+-------+---------+---------+-------
      Total |     193 |      35 |  15.4 |      46 |       3 |   6.1
            +---------+---------+-------+---------+---------+-------
        D:1 |      43 |       3 |   6.5 |      23 |       2 |   8.0
        D:2 |      32 |      32 |  50.0 |      12 |       1 |   7.7
        D:3 |     118 |       0 |   0.0 |      11 |       0 |   0.0
            +---------+---------+-------+---------+---------+-------
